 Dungeon Crawl Stone Soup version 0.30-a0-313-gae38170b09 (webtiles) character file.

Game seed: 3409924430674173331

646 McGhostyFace the Insei (level 8, -11/53 HPs)
             Began as a Meteoran Transmuter on Oct 27, 2022.
             Was a Follower of Qazlal.
             Shot with an arrow by a centaur (16 damage)
             ... on level 5 of the Dungeon.
             The game lasted 00:09:13 (2543 turns).

McGhostyFace the Insei (Meteoran Transmuter)        Turns: 2543, Time: 00:09:13

Health: -11/53     AC:  2    Str: 17    XL:     8   Next: 9%
Magic:  15/15      EV: 22    Int: 17    God:    Qazlal [*.....]
Gold:   208        SH:  1    Dex: 20    Spells: 9/15 levels left

rFire   . . .      SeeInvis .      - Unarmed
rCold   . . .      Faith    .    (shield currently unavailable)
rNeg    . . .      Spirit   .    (body armour currently unavailable)
rPois   x          Reflect  .    (helmet currently unavailable)
rElec   .          Harm     .    (cloak currently unavailable)
rCorr   +          Rampage  .    (gloves currently unavailable)
Will    +....                    (boots currently unavailable)
Stlth   +.........               (no amulet)
HPRegen 0.28/turn                o - +6 ring of strength
MPRegen 0.14/turn                l - ring of resist corrosion

@: spider-form (expiring), glowing
A: venomous fangs, tiny, sense surroundings 1, otherworldly, glowing, explore
regen
a: End Transformation, Renounce Religion


You were on level 5 of the Dungeon.
You worshipped Qazlal.
Qazlal was aware of your devotion.
You were a venomous arachnid creature.
You visited 1 branch of the dungeon, and saw 5 of its levels.

You collected 208 gold pieces.

Inventory:

Hand Weapons
 m - a +3 dagger
Missiles
 u - 5 poisoned darts
Armour
 a - a +0 robe (melded)
 e - an orb of light (melded)
 r - an orb of energy
Jewellery
 l - a ring of resist corrosion (right front leg)
 o - a +6 ring of strength (left front leg)
 q - a ring of wizardry
Scrolls
 c - 2 scrolls of teleportation {unknown}
 f - 2 scrolls of magic mapping {unknown}
 g - a scroll of poison {unknown}
 h - a scroll of enchant armour {unknown}
 i - a scroll of noise {unknown}
 p - 3 scrolls of identify {unknown}
 x - a scroll of amnesia {unknown}
Potions
 b - 3 potions of lignification
 d - 2 potions of heal wounds {unknown}
 j - a potion of brilliance {unknown}
 k - a potion of curing {unknown}
 n - a potion of cancellation
 s - a potion of resistance {unknown}
 t - a potion of ambrosia {unknown}
 v - 2 potions of flight {unknown}
 w - a potion of mutation {unknown}


   Skills:
 + Level 3.3 Fighting
 + Level 4.3 Dodging
 * Level 6.2 Unarmed Combat
 + Level 4.4 Spellcasting
 * Level 5.5 Transmutations


You had 9 spell levels left.
You knew the following spells:

 Your Spells              Type           Power      Damage    Failure   Level
a - Beastly Appendage     Tmut           44%        N/A       7%          1
b - Spider Form           Tmut/Pois      13%        N/A       32%         3
c - Wereblood             Tmut           22%        N/A       9%          2

Your spell library contained the following spells:

 Spells                   Type           Power      Damage    Failure   Level
 Apportation              Tloc           6%         N/A       34%         1
 Shock                    Conj/Air       12%        1d3       34%         1
 Scorch                   Fire           6%         2d5       43%         2
 Portal Projectile        Hex/Tloc       6%         N/A       63%         3
 Swiftness                Air            3%         N/A       63%         3
 Tukima's Dance           Hex            3%         N/A       63%         3
 Blade Hands              Tmut           11%        N/A       63%         5
 Ice Form                 Ice/Tmut       13%        N/A       65%         4
 Alistair's Intoxication  Tmut/Pois      8%         N/A       92%         5
 Airstrike                Air            1%         2d(1-17)  94%         4
 Flame Wave               Conj/Fire      3%         2d5       94%         4
 Summon Cactus Giant      Summ           1%         N/A       100%        6


Dungeon Overview and Level Annotations

Branches:
Dungeon (5/15) Zot: 676
 Temple: D:4-7

Altars:
Qazlal
Zin


Innate Abilities, Weirdness & Mutations

You are a venomous arachnid creature.
You have poisonous fangs.
You are tiny and dextrous.
Your spellcasting is less reliable in this form.
Your armour is entirely melded.
You are incapable of wielding weapons or throwing items.
You passively map a small area around you.
You are easily found by Zot.
You glow in the dark.
You regain HP and MP as you explore.


Message History

* * * LOW HITPOINT WARNING * * *
The black bear misses you. The black bear claws you.
* * * LOW HITPOINT WARNING * * *
You hit the hound.
The hound is poisoned.
The hound is lightly wounded.
The hound misses you. The black bear misses you. x2
The black bear closely misses you. The hound bites you.
* * * LOW HITPOINT WARNING * * *
You hit the black bear.
The black bear looks as sick as possible!
The black bear is severely wounded.
The black bear goes berserk!
The hound misses you.
You hit the black bear.
You kill the black bear!
Qazlal accepts your kill. The hound misses you.
You have reached level 8!
You hit the hound but do no damage.
The hound looks even sicker.
The hound is lightly wounded.
The hound bites you.
* * * LOW HITPOINT WARNING * * *
The hound bites you.
* * * LOW HITPOINT WARNING * * *
The hound attacks as you move away! The hound misses you.
You see here a black bear corpse.
The hound attacks as you move away! The hound closely misses you.
The hound misses you.
The hound pauses to sniff the ground.
The hound closely misses you. The hound attacks as you move away!
The hound closely misses you.
Your transformation is almost over.
The hound attacks as you move away! The hound barely misses you.
The hound completely misses you.
You see here a necrophage corpse.
The hound completely misses you. The hound attacks as you move away!
The hound barely misses you. The hound attacks as you move away!
The hound misses you.
The centaur wields a +0 shortbow.
The centaur shoots an arrow.
The arrow hits you!
You die...

, ..... #.##.#... , ,
#...# ###......# * ,,
##.#.######...##..## ,,
#...........#.###.####..
,
#...##..................
,
*#.......#...#†...#[..##.
,
#...####...c.n..........,
#..<# #......h.≈≈≈≈≈≈≈.≈
#...# #......s.≈..§..§.≈
##### #........≈.§≈§≈§§≈
* ##.......≈.≈...§.≈
##...##.≈.≈._.§. , ,
###.##.≈.≈§..≈ #..
.≈.§≈≈≈ , #. *.≈.....
.≈≈≈≈≈≈ ,


You could see a necrophage, a centaur and a hound (very poisoned).

Vanquished Creatures
  2 black bears
  A necrophage (D:5)
  A scorpion (D:5)
  A hound (D:4)
  An orc priest (D:4)
  3 orc wizards (D:4)
  Robin (D:2)
  8 adders
  4 worms
  3 dart slugs
  7 orcs
  6 endoplasms
  2 giant cockroaches
  14 goblins
  8 hobgoblins
  4 jackals (D:1)
  5 kobolds
  4 quokkas
  3 ball pythons (D:1)
  5 bats
  7 frilled lizards
  5 rats
95 creatures vanquished.

Vanquished Creatures (others)
  An orc wizard (D:4)
  2 plants (D:4)
3 creatures vanquished.

Grand Total: 98 creatures vanquished

Notes
Turn   | Place    | Note
-------+----------+-------------------------------------------
     0 | D:1      | McGhostyFace the Meteoran Transmuter began the quest for
                  | the Orb.
     0 | D:1      | Reached XP level 1. HP: 16/16 MP: 5/5
    53 | D:1      | Reached XP level 2. HP: 12/23 MP: 6/6
   199 | D:1      | Reached XP level 3. HP: 25/28 MP: 8/8
   395 | D:1      | Reached skill level 4 in Unarmed Combat
   506 | D:1      | Glimpsed the power of Zot.
   556 | D:1      | Glimpsed the power of Zot.
   697 | D:2      | Reached XP level 4. HP: 36/36 MP: 9/9
   706 | D:2      | Found a faded altar of an unknown god.
   917 | D:2      | Noticed Robin
   928 | D:2      | Reached XP level 5. HP: 38/41 MP: 8/11
   938 | D:2      | Killed Robin
  1112 | D:2      | Glimpsed the power of Zot.
  1162 | D:2      | Glimpsed the power of Zot.
  1202 | D:2      | Glimpsed the power of Zot.
  1211 | D:2      | Touched by the power of Zot.
  1261 | D:3      | Learned a level 3 spell: Spider Form
  1264 | D:3      | Learned a level 2 spell: Wereblood
  1422 | D:3      | Noticed a black bear
  1433 | D:3      | Killed a black bear
  1434 | D:3      | Reached skill level 5 in Unarmed Combat
  1434 | D:3      | Reached XP level 6. HP: 20/40 MP: 7/12
  1471 | D:3      | Found a stormy altar of Qazlal.
  1477 | D:3      | Became a worshipper of Qazlal Stormbringer
  2075 | D:4      | Reached XP level 7. HP: 27/46 MP: 9/13
  2420 | D:4      | Reached * piety under Qazlal
  2478 | D:5      | Entered Level 5 of the Dungeon
  2490 | D:5      | Found a glowing silver altar of Zin.
  2507 | D:5      | Reached skill level 5 in Transmutations
  2514 | D:5      | Reached skill level 6 in Unarmed Combat
  2533 | D:5      | Reached XP level 8. HP: 6/53 MP: 12/15
  2533 | D:5      | HP: 1/53 [hound (2)]
  2543 | D:5      | Shot with an arrow by a centaur

Illustrated notes

Levels and vault maps discovered:
D:1:      minmay_arrival_solitary_statue, layout_loops_cross
D:2:      minmay_diamond_boxcup, layout_loops_ring, serial_glass,
          glass_columns_c, glass_columns_c, ebering_ecumenical_altar_webs,
          uniq_robin
D:3:      layout_loops_ring, grunt_qazlal_clouds
D:4:      layout_rooms, serial_bayou_crossing
D:5:      layout_rooms, mainiacjoe_overflow_concentric_impassable

Skill      XL: |  1  2  3  4  5  6  7 |
---------------+----------------------+-----
Spellcasting   | 3 4 |  4.4
Unarmed Combat | 4 5 6 |  6.2
Transmutations | 3 4 5 |  5.5
Dodging        | 3 4 |  4.3
Fighting       | 2 3 |  3.3

Action                   |  1- 3 |  4- 6 |  7- 9 || total
-------------------------+-------+-------+-------++-------
Melee: Unarmed           |    99 |   126 |    62 ||   287
       Punch             |     4 |       |       ||     4
       Kick              |     1 |     3 |    11 ||    15
       Headbutt          |       |     1 |     6 ||     7
 Cast: Beastly Appendage |     1 |     4 |     3 ||     8
       Spider Form       |       |     3 |     1 ||     4
       Wereblood         |       |     2 |     1 ||     3
  Use: Potion            |       |     2 |       ||     2
Armor: Robe              |     7 |    15 |     6 ||    28
       Skin              |       |    38 |     3 ||    41
Dodge: Dodged            |    51 |    53 |    43 ||   147

Table legend: (Time is in decaauts)
 A = Elapsed time spent in this place.
 B = Non-inter-level travel time spent in this place.
 C = Inter-level travel time spent in this place.
 D = Time resting spent in this place.
 E = Time spent auto-exploring this place.
 F = Levels seen in this place.
 G = Mean time per level.
                   A        B        C        D        E       F      G
               +--------+--------+--------+--------+--------+-----+--------+
         Total |   2522 |   2401 |    121 |     94 |   1651 |   5 |  504.4 |
       Dungeon |   2522 |   2401 |    121 |     94 |   1651 |   5 |  504.4 |
               +--------+--------+--------+--------+--------+-----+--------+

Top non-repeatable levels by time:
     D:4: 634 daAuts
     D:2: 624 daAuts
     D:3: 616 daAuts
     D:1: 585 daAuts
     D:5: 62 daAuts
